 Dungeon Sprint DCSS version bcrawl-1.31 (webtiles) character file.

Game seed: 1181522793047170276

621079 Groucho the Covert (level 6, -1/28 HPs)
             Began as a Spriggan Enchanter on Mar 31, 2021.
             Slain by a tyrant leech (29 damage)
             ... in the Dungeon (Sprint II: "The Violet Keep of Menkaure").
             The game lasted 00:01:01 (202 turns).

Groucho the Covert (Spriggan Enchanter)              Turns: 202, Time: 00:01:01

Health: -1/28      AC:  2    Str:  6    XL:     6   Next: 32%
Magic:  8/18       EV: 18    Int: 17    God:
Gold:   243        SH:  0    Dex: 16    Spells: 16/22 levels left

rFire    . . .     SeeInvis +   a - +1 dagger
rCold    . . .     Gourm    .   (shield restricted)
rNeg     . . .     Faith    .   b - +0 robe
rPois    .         Spirit   .   (helmet restricted)
rElec    .         Reflect  .   (no cloak)
rCorr    .         Harm     .   (gloves unavailable)
MR       +....     NoTele   +   (boots unavailable)
Stlth    ++++++....             (no amulet)
HPRegen  0.09/turn              (no ring)
MPRegen  0.16/turn              (no ring)

@: very quick
A: very small, unfitting armour, see invisible, herbivore, speed 3, slow
metabolism 2
a: no special abilities


You were in the Dungeon.
You were not hungry.

You visited 1 branch You collected 243 gold pieces.

Inventory:

Hand Weapons
 a - a +1 dagger (weapon)
Armour
 b - a +0 robe (worn)
Scrolls
 d - a scroll of fog
 l - a scroll of blinking
Potions
 f - a potion of invisibility
 g - a potion of curing
 h - a potion of heal wounds
 i - a potion of haste
 j - 2 potions of magic
Comestibles
 e - a ration {!d}


   Skills:
 - Level 1.2 Short Blades
 - Level 3.0 Dodging
 * Level 14.7 Stealth
 + Level 8.5 Spellcasting
 + Level 8.9 Hexes


You had 16 spell levels left.
You knew the following spells:

 Your Spells              Type           Power        Failure   Level  Hunger
a - Corona                Hex            #####..      1%          1    None
b - Ensorcelled Hibernat  Hex/Ice        ###...       2%          2    None
c - Confuse               Hex            #####...     1%          3    None

Your spell library contained the following spells:

 Spells                   Type           Power        Failure   Level  Hunger
 Tukima's Dance           Hex            #####...     1%          3    None
 Cause Fear               Hex            #####.....   2%          4    ###....
 Dazzling Orbs            Conj/Hex       ###....      4%          3    None


Dungeon Overview and Level Annotations

Branches:
Dungeon (1/1)

Altars:


Innate Abilities, Weirdness & Mutations

You are very small and have problems with some larger weapons.
You are too small for most types of armour.
You have supernaturally acute eyesight. (SInv)
You are a herbivore.
You cover ground extremely quickly.
You need to consume almost no food.


Message History

Aiming: Confuse (safe; 1% risk of failure)
Press: ? - help, Shift-Dir - straight line, f - tyrant leech
Aim: a tyrant leech (chance to defeat MR: 48%)
The tyrant leech resists with some effort.
There is an open door here.
Things that are here:
a necrophage corpse x2
Casting: Confuse (safe; 1% risk of failure)
Confirm with . or Enter, or press ? or * to list all spells.
Aiming: Confuse (safe; 1% risk of failure)
Press: ? - help, Shift-Dir - straight line, f/p - tyrant leech
Aim: a tyrant leech (chance to defeat MR: 48%)
The tyrant leech appears confused.
You hit the tyrant leech but do no damage.
You strike the helpless tyrant leech from behind!
You impale the tyrant leech!!
The tyrant leech is moderately wounded.
The tyrant leech bites you!!
Ouch! That really hurt!
You die...

## ## ##.
.## w. ..
### .#$ #
##.###'# 3#
#..†##.##.3#
+.##w.<.+$#
#..@##.##3#
##.###+# 3#
### ... #
.m#.. ##.
.## ## ##


You could see a tyrant leech (confused).

Vanquished Creatures
  4 necrophages (D)
4 creatures vanquished.

Vanquished Creatures (others)
  Menkaure (D)
  A crocodile (D)
2 creatures vanquished.

Grand Total: 6 creatures vanquished

Notes
Turn   | Place    | Note
-------+----------+-------------------------------------------
     0 | D        | Groucho the Spriggan Enchanter began the quest for the Orb.
     0 | D        | Reached XP level 1. HP: 9/9 MP: 5/5
     1 | D        | Noticed a neqoxec
     1 | D        | Noticed a neqoxec
     1 | D        | Noticed a neqoxec
     1 | D        | Noticed a neqoxec
     4 | D        | Noticed a merfolk siren
     8 | D        | Noticed a necrophage
     8 | D        | Noticed a necrophage
     8 | D        | Noticed a necrophage
     8 | D        | Noticed a necrophage
    12 | D        | Killed a necrophage
    13 | D        | Reached skill level 10 in Stealth
    13 | D        | Reached skill level 5 in Spellcasting
    13 | D        | Reached XP level 2. HP: 13/13 MP: 5/9
    13 | D        | Reached XP level 3. HP: 16/16 MP: 6/11
    13 | D        | Reached XP level 4. HP: 21/21 MP: 6/12
    18 | D        | Killed a necrophage
    19 | D        | Reached skill level 12 in Stealth
    19 | D        | Reached XP level 5. HP: 24/24 MP: 6/15
    22 | D        | Killed a necrophage
    23 | D        | Reached skill level 13 in Stealth
    29 | D        | Killed a necrophage
    30 | D        | Reached skill level 14 in Stealth
    30 | D        | Reached XP level 6. HP: 28/28 MP: 7/18
    49 | D        | Killed Menkaure
    66 | D        | Killed a crocodile
   174 | D        | Learned a level 2 spell: Ensorcelled Hibernation
   178 | D        | Learned a level 3 spell: Confuse
   192 | D        | Noticed a tyrant leech
   192 | D        | Noticed a tyrant leech
   202 | D        | Slain by a tyrant leech

Skill      XL: |  1  2  3  4  5 |
---------------+----------------+-----
Stealth        | 10 12 14 | 14.7
Spellcasting   | 5 7 8 |  8.5
Hexes          | 6 7 8 |  8.9
Short Blades   | |  1.2
Dodging        | |  3.0

Action                   |  1- 3 |  4- 6 || total
-------------------------+-------+-------++-------
Melee: Dagger            |     3 |    18 ||    21
 Cast: Confuse           |       |     3 ||     3
       Ensorcelled Hiber |       |     1 ||     1
  Use: Potion            |     1 |       ||     1
 Stab: Confused          |       |     1 ||     1
Armor: Robe              |       |     1 ||     1
Dodge: Dodged            |     2 |     4 ||     6
